 Dungeon Crawl Stone Soup version 0.27-a0-604-g29a88b33a7 (webtiles) character file.

Game seed: 14358876033425939

21863 platon the Covert (level 12, -19/73 HPs)
             Began as a Vampire Delver on Oct 13, 2020.
             Was a High Priest of Dithmenos.
             Demolished by an orc warrior
             ... wielding a +0 halberd
             ... led by an orc warlord
              (23 damage)
             ... on level 9 of the Dungeon on Mar 12, 2021.
             The game lasted 01:50:35 (21116 turns).

platon the Covert (Vampire Delver)                 Turns: 21116, Time: 01:50:36

Health: -19/73     AC: 12    Str: 12    XL:     12   Next: 57%
Magic:  23/23      EV: 16    Int: 22    God:    Dithmenos [*****.]
Gold:   553        SH:  0    Dex: 16    Spells: 16/26 levels left

rFire    . . .     SeeInvis +   b - +3 great sword
rCold    + + +     Faith    .   (shield currently unavailable)
rNeg     + + +     Spirit   .   z - +1 leather armour {rC+}
rPois    ∞         Reflect  .   x - +0 helmet
rElec    .         Harm     .   l - +1 cloak
rCorr    .         Rampage  .   O - +1 pair of gloves
Will     +....                  J - +0 pair of boots Stlth **++++++++
                                B - amulet of the acrobat
HPRegen  0.00/turn              c - +6 ring of intelligence
MPRegen  0.18/turn              o - +4 ring of slaying

@: bloodless, wreathed by umbra
A: fangs 3, see invisible, unbreathing 1, vampiric 2
a: Bat Form, Revivify, Renounce Religion, Shadow Step, Shadow Form


You were on level 9 of the Dungeon.
You worshipped Dithmenos.
Dithmenos was extremely pleased with you.
You visited 4 branches of the dungeon, and saw 17 of its levels.
You also visited: Ossuary.

You collected 912 gold pieces.
You spent 359 gold pieces at shops.

Inventory:

Hand Weapons
 a - a +0 short sword
 b - a +3 great sword (weapon)
 v - a +0 dagger
Missiles
 k - 21 boomerangs (quivered)
 p - 13 javelins
 E - 47 poisoned darts
Armour
 l - a +1 cloak (worn)
 x - a +0 helmet (worn)
 z - a +1 leather armour of cold resistance (worn)
 J - a +0 pair of boots (worn)
 O - a +1 pair of gloves (worn)
Jewellery
 c - a +6 ring of intelligence (right hand)
 e - a ring of flight
 o - a +4 ring of slaying (left hand)
 u - a ring of stealth
 B - an amulet of the acrobat (around neck)
 K - a ring of willpower
 L - a ring of fire
 N - a ring of ice
 P - a ring of wizardry
 R - an amulet of magic regeneration
Wands
 g - a wand of digging (3)
 y - a wand of flame (16)
 C - a wand of polymorph (10)
 F - a wand of iceblast (4)
 G - a wand of acid (3)
 I - a wand of random effects (1)
Scrolls
 d - 2 scrolls of magic mapping
 j - 2 scrolls of identify
 m - a scroll of blinking
 n - 9 scrolls of removedness
 q - 4 scrolls of amnesia
 r - 4 scrolls of teleportation
 t - 9 scrolls of immolation
 w - 3 scrolls of enchant weapon
 H - a scroll of torment
 Q - 2 scrolls of fog
Potions
 f - 3 potions of haste
 h - 3 potions of flight
 i - 6 potions of brilliance
 s - a potion of might
 A - 3 potions of cancellation
 D - 3 potions of ambrosia
 M - 3 potions of curing
 S - a potion of heal wounds


   Skills:
 + Level 7.8 Fighting
 + Level 7.1(8.3) Short Blades
 + Level 6.1(7.4) Long Blades
 * Level 5.2 Throwing
 * Level 7.3 Armour
 * Level 9.1 Dodging
 + Level 12.4 Stealth
 + Level 7.6 Spellcasting
 * Level 3.9 Hexes
 + Level 2.7 Necromancy
 + Level 0.3 Fire Magic
 + Level 0.2 Ice Magic
 + Level 0.6 Evocations


You had 16 spell levels left.
You knew the following spells:

 Your Spells              Type           Power      Damage    Failure   Level
a - Ensorcelled Hibernat  Hex/Ice        34%        N/A       6%          2
b - Inner Flame           Hex/Fire       17%        N/A       12%         3
c - Animate Skeleton      Necr           40%        N/A       3%          1
d - Pain                  Necr           80%        1d8       3%          1
e - Vampiric Draining     Necr           10%        2d7       10%         3

Your spell library contained the following spells:

 Spells                   Type           Power      Damage    Failure   Level
 Corona                   Hex            27%        N/A       1%          1
 Slow                     Hex            25%        N/A       2%          2
 Foxfire                  Conj/Fire      36%        2x1d5     9%          1
 Portal Projectile        Hex/Tloc       34%        N/A       13%         3
 Blink                    Tloc           N/A        N/A       14%         2
 Passwall                 Tmut/Erth      6%         N/A       14%         2
 Swiftness                Air            8%         N/A       14%         2
 Cause Fear               Hex            12%        N/A       19%         4
 Conjure Flame            Conj/Fire      9%         6-21      26%         3
 Gell's Gravitas          Tloc           4%         N/A       28%         3
 Lesser Beckoning         Tloc           4%         N/A       28%         3
 Teleport Other           Tloc           8%         N/A       28%         3
 Animate Dead             Necr           10%        N/A       30%         4
 Leda's Liquefaction      Hex/Erth       8%         N/A       38%         4
 Sticky Flame             Conj/Fire      9%         2d3       65%         4
 Agony                    Necr           20%        N/A       65%         5
 Manifold Assault         Tloc           8%         N/A       67%         4
 Bolt of Magma            Conj/Fire/Erth 4%         4d5       94%         5
 Fireball                 Conj/Fire      4%         3d4       94%         5
 Iskenderun's Battlesphe  Conj           8%         2d6       95%         5
 Iron Shot                Conj/Erth      4%         9d2       100%        6
 Orb of Destruction       Conj           4%         9d2       100%        7
 Spellforged Servitor     Conj/Summ      4%         N/A       100%        7
 Sublimation of Blood     Necr           Unusable   N/A       N/A         2

Dungeon Overview and Level Annotations

Branches:
Dungeon (10/15)            Temple (1/1) D:6            Lair (5/6) D:10
 Shoals (0/4) Lair:3       Spider (0/4) Lair:2          Orc (1/2) D:9
Ossuary (visited)
  Slime: Lair:5-6

Altars:
Ashenzari
Cheibriados
Dithmenos
Elyvilon
Fedhas
Gozag
Hepliaklqana
Kikubaaqudgha
Makhleb
Nemelex Xobeh
Okawaru
Qazlal
Ru
Sif Muna
Trog
Uskayaw
Vehumet
Wu Jian
Xom
Yredelemnul
Zin
The Shining One
Beogh

Shops:
D:4 [*   D:5 !   D:9 ?

Annotations:
Lair:1 exclusion: oklob plant
Lair:2 exclusion: oklob plant
Orc:1 Erica


Innate Abilities, Weirdness & Mutations

You do not regenerate when monsters are visible.
You are frail without blood (-20% HP).
You can heal yourself when you bite living creatures.
You are immune to poison.
You have razor-sharp teeth.
You have supernaturally acute eyesight. (SInv)
You can survive without breathing.
You are afflicted with vampirism and can become a bat while bloodless.


Message History

You climb upwards.
There is a stone staircase leading down here.
There is a staircase to the Orcish Mines here.
You climb downwards.
Welcome back to the Orcish Mines!
Level annotation: Erica The orc shouts! x2; The orc warrior shouts! x3
There is a staircase back to the Dungeon here.
There are monsters nearby!
The orc warrior shouts! x2; You hear two shouts!
You hear a shout!
The orc warrior hits you with a +0 halberd!
The orc warlord roars a battlecry!
The orcs go into a battle-frenzy!
The orc warrior barely misses you.
You climb upwards.
Welcome back to the Dungeon!
There is a staircase to the Orcish Mines here.
Unknown command.
a - a +0 short sword (weapon)
Unknown command.
Unknown command.
b - a +3 great sword (weapon)
The orc warrior closely misses you. x2
Unknown command.
The orc warrior closely misses you.
You closely miss the orc warrior. The orc warrior closely misses you.
The orc warrior hits you with a +0 war axe!!
You slash the orc warrior! You bite the orc warrior.
You draw the orc warrior's blood!
You feel better.
The orc warrior is heavily wounded.
The orc warrior hits you with a +0 halberd!!
* * * LOW HITPOINT WARNING * * *
The orc warrior hits you with a +0 war axe.
* * * LOW HITPOINT WARNING * * *
The orc warrior closely misses you.
You slash the orc warrior!
The orc warrior is almost dead.
Your shadow barely misses the orc warrior.
The orc warrior hits you with a +0 war axe!
* * * LOW HITPOINT WARNING * * *
The orc warrior hits you with a +0 halberd!!
You die...

..## ##.........(##
...#
##.(..........#
...#
#............##
..##
###.########..## ##
.##
#...8#.....#...###.
.#
#....#.....###.....
## #.>..[)[_..#
###..# #
#oo..#.....# #..#
#.@.8#.....# ##.#
#...######## ###..
###..## ###....
###..### ##...... #
###..### ##.......
#### ###..###
#........
...####...###
#.......#
##..........#
##....†##
####........##
#....###


You could see 2 orc warriors.

Vanquished Creatures
  Fannar (Lair:2)
  5 hydras
  A two-headed ogre (D:10)
  Nergalle (D:10)
  An unseen horror (D:10)
  A manticore (Lair:3)
  4 black mambas
  4 cane toads
  3 komodo dragons
  2 polar bears
  A hornet (D:9)
  A removed hippogriff (D:9)
  2 wraiths (Ossuary)
  2 redbacks (Lair:2)
  4 basilisks
  A vampire (D:10)
  14 yaks
  A steam dragon (D:10)
  3 wargs (D:10)
  5 water moccasins
  3 ice beasts
  2 sky beasts
  A black bear (Lair:1)
  2 phantoms
  A necrophage (D:8)
  An orc warrior (Orc:1)
  10 ogres
  2 centaurs
  8 wolves
  18 ghosts
  14 bullfrogs
  A kobold brigand (D:9)
  A wyvern skeleton (D:7)
  5 scorpions
  An electric eel (Lair:2)
  7 wights
  4 howler monkeys
  2 jellies
  4 hounds
  A gnoll shaman (D:4)
  10 orc priests
  20 orc wizards
  A bullfrog skeleton (D:8)
  4 centaur skeletons
  An iron imp (D:6)
  Jessica (D:2)
  5 iguanas
  5 worker ants
  2 hound skeletons
  11 gnolls
  8 adders
  A shadow imp (D:7)
  4 white imps
  3 ufetubi
  2 adder zombies (Ossuary)
  3 worms
  An adder skeleton (D:8)
  3 dart slugs
  4 leopard geckos
  50 orcs
  3 bats
  12 giant cockroaches
  9 goblins
  9 hobgoblins
  15 jackals
  3 quokkas
  2 ball python skeletons (Ossuary)
  3 frilled lizards
  A hobgoblin skeleton (Ossuary)
  2 hobgoblin zombies (Ossuary)
  A jackal zombie (D:8)
  12 kobolds
  An orc zombie (Ossuary)
  5 rats
362 creatures vanquished.

Vanquished Creatures (others)
  A giant cockroach (D:3)
  A jackal (D:3)
  A quokka (D:3)
  3 fungi (Lair:2)
  14 plants
20 creatures vanquished.

Grand Total: 382 creatures vanquished

Notes
Turn   | Place    | Note
-------+----------+-------------------------------------------
     0 | D:5      | platon the Vampire Delver began the quest for the Orb.
     0 | D:5      | Reached XP level 1. HP: 17/17 MP: 1/1
    11 | D:5      | Found a sparkling altar of Nemelex Xobeh.
   110 | D:5      | Found a shadowy altar of Dithmenos.
   116 | D:5      | Became a worshipper of Dithmenos the Shadowed
   174 | D:3      | Reached XP level 2. HP: 11/18 MP: 2/2
   283 | D:3      | Found a faded altar of an unknown god.
   392 | D:2      | Noticed Jessica
   518 | D:2      | Reached skill level 1 in Spellcasting
   518 | D:2      | Reached XP level 3. HP: 16/23 MP: 4/4
   524 | D:2      | Reached skill level 1 in Armour
  1283 | D:2      | Found a burning altar of Makhleb.
  1285 | D:2      | Noticed a green death
  1323 | D:2      | Reached * piety under Dithmenos
  1447 | D:2      | Killed Jessica
  1447 | D:2      | Reached XP level 4. HP: 28/28 MP: 5/5
  2107 | D:3      | Found a white marble altar of Elyvilon.
  2692 | D:3      | Found a sacrificial altar of Ru.
  2794 | D:3      | Reached XP level 5. HP: 32/32 MP: 7/7
  2801 | D:3      | Reached ** piety under Dithmenos
  3154 | D:3      | Found a stormy altar of Qazlal.
  3157 | D:3      | Found a burning altar of Makhleb.
  3160 | D:3      | Found an iron altar of Okawaru.
  3574 | D:4      | Reached XP level 6. HP: 37/37 MP: 7/9
  3683 | D:4      | Found Equm's Armour Boutique.
  3698 | D:4      | Bought a +0 pair of gloves for 49 gold pieces
  3743 | D:4      | Found Kefug's General Store.
  3746 | D:4      | Bought a scroll of random uselessness for 10 gold pieces
  3746 | D:4      | Bought a scroll of teleportation for 30 gold pieces
  3746 | D:4      | Bought a potion of lignification for 30 gold pieces
  4684 | D:4      | Reached skill level 1 in Long Blades
  4717 | D:4      | Reached XP level 7. HP: 25/42 MP: 10/10
  5311 | D:5      | Found Nuetrow's Distillery.
  5329 | D:5      | Bought a potion of degeneration for 12 gold pieces
  5329 | D:5      | Bought a potion of heal wounds for 60 gold pieces
  5329 | D:5      | Bought a potion of flight for 36 gold pieces
  5621 | D:5      | Found a snail-covered altar of Cheibriados.
  5749 | D:6      | Found an opulent altar of Gozag.
  5877 | D:6      | Reached skill level 1 in Throwing
  5980 | D:6      | Noticed a steam dragon
  5980 | D:6      | an orc warrior changed into a steam dragon
  5985 | D:6      | a steam dragon changed into a howler monkey
  6000 | D:6      | Reached *** piety under Dithmenos
  6857 | D:6      | Reached XP level 8. HP: 27/48 MP: 12/12
  7629 | D:6      | Reached skill level 5 in Dodging
  7875 | D:6      | Found a staircase to the Ecumenical Temple.
  7900 | Temple   | Entered the Ecumenical Temple
  8049 | D:7      | Reached skill level 5 in Short Blades
  8178 | D:7      | Found an ornate altar of the Wu Jian Council.
  8430 | D:7      | Found a broken altar of Ashenzari.
  8962 | D:7      | Reached XP level 9. HP: 42/53 MP: 14/14
  9322 | D:7      | Reached skill level 5 in Fighting
  9471 | D:7      | Found a glowing silver altar of Zin.
  9568 | D:8      | Found a sand-covered staircase.
  9576 | Ossuary  | Entered an ossuary
  9637 | Ossuary  | Reached **** piety under Dithmenos
  9751 | Ossuary  | Reached skill level 8 in Stealth
 10339 | D:8      | Found a radiant altar of Vehumet.
 10368 | D:8      | Reached skill level 9 in Stealth
 11122 | D:8      | Reached ***** piety under Dithmenos
 11306 | D:8      | Reached skill level 5 in Armour
 11306 | D:8      | Reached XP level 10. HP: 50/60 MP: 17/17
 11407 | D:9      | Found an opulent altar of Gozag.
 11450 | D:9      | Found Keso's Magic Scroll Shoppe.
 11461 | D:9      | Bought a scroll of identify for 24 gold pieces
 11461 | D:9      | Bought a scroll of identify for 24 gold pieces
 11461 | D:9      | Bought a scroll of teleportation for 36 gold pieces
 11461 | D:9      | Bought a scroll of identify for 24 gold pieces
 11461 | D:9      | Bought a scroll of identify for 24 gold pieces
 11523 | D:9      | Found a staircase to the Orcish Mines.
 11529 | D:9      | Found a roughly hewn altar of Beogh.
 11858 | D:9      | Reached skill level 5 in Spellcasting
 12355 | D:9      | Reached skill level 5 in Long Blades
 12771 | Orc:1    | Entered Level 1 of the Orcish Mines
 12771 | Orc:1    | Noticed an ettin
 12771 | Orc:1    | Noticed an orc warlord
 12774 | Orc:1    | Upgraded the game from 0.26-a0-651-gb41185065b to
                  | 0.27-a0-604-g29a88b33a7
 12796 | Orc:1    | Noticed an orc sorcerer
 12797 | Orc:1    | Noticed Erica
 12939 | D:9      | Learned a level 3 spell: Conjure Flame
 12943 | D:9      | Learned a level 3 spell: Inner Flame
 12962 | D:10     | Entered Level 10 of the Dungeon
 12986 | D:10     | Learned a level 1 spell: Animate Skeleton
 12988 | D:10     | Learned a level 1 spell: Pain
 13423 | D:10     | Found a staircase to the Lair.
 13508 | D:10     | Reached skill level 10 in Stealth
 13896 | D:10     | Noticed Nergalle
 13917 | D:10     | Killed Nergalle
 14125 | D:10     | Reached skill level 11 in Stealth
 14161 | D:10     | Noticed an unseen horror
 14177 | D:10     | Killed an unseen horror
 14299 | D:10     | Noticed a two-headed ogre
 14334 | D:10     | Killed a two-headed ogre
 14335 | D:10     | Reached XP level 11. HP: 45/66 MP: 19/19
 15034 | Lair:1   | Entered Level 1 of the Lair of Beasts
 15870 | Lair:1   | Identified Ilolopa's Early Guide to Theurgy
 16382 | Lair:1   | Noticed an oklob plant
 16533 | Lair:1   | Reached skill level 1 in Necromancy
 16717 | Lair:1   | Learned a level 2 spell: Ensorcelled Hibernation
 16721 | Lair:1   | Learned a level 3 spell: Vampiric Draining
 16902 | Lair:2   | Noticed Fannar
 16951 | Lair:2   | Found a hole to the Spider Nest.
 16987 | Lair:2   | Noticed a five-headed hydra
 17008 | Lair:2   | Killed a five-headed hydra
 17009 | Lair:2   | Reached skill level 1 in Hexes
 17077 | Lair:2   | Noticed an oklob plant
 17122 | Lair:2   | Killed Fannar
 18350 | Lair:3   | Noticed a seven-headed hydra
 18358 | Lair:3   | Killed a seven-headed hydra
 18359 | Lair:3   | Reached XP level 12. HP: 73/73 MP: 18/23
 18958 | Lair:3   | Found a staircase to the Shoals.
 19307 | Lair:3   | Noticed an eight-headed hydra
 19311 | Lair:3   | Killed an eight-headed hydra
 19383 | Lair:3   | Identified the +8 plate armour "Kibageu" {rElec Str+5
                  | Int+4}
 19559 | Lair:3   | Noticed a four-headed hydra
 19836 | Lair:4   | Reached skill level 5 in Throwing
 20168 | Lair:4   | Reached skill level 12 in Stealth
 20433 | Lair:4   | Noticed a five-headed hydra
 20444 | Lair:4   | Killed a six-headed hydra
 20617 | Lair:3   | Killed a six-headed hydra
 21116 | D:9      | Demolished by an orc warrior

Illustrated notes

Levels and vault maps discovered:
D:1:      denvon_arrival_planthouse, layout_rooms
D:2:      layout_basic, makhleb_altar_promises_db, uniq_jessica
D:3:      minmay_roachtagon, layout_basic, old_standard_altar,
          grunt_temple_overflow_diamond, elyvilon_altar_4, serial_glass,
          glass_columns_b, glass_columns_a, glass_columns_c, glass_columns_b,
          chequers_ecumenical_altar_island
D:4:      layout_basic, serial_shops, shop, kennysheep_mini,
          chequers_serial_rivers_micro_a
D:5:      layout_rooms, nemelex_xobeh_ov_fountains_minmay,
          nicolae_dithmenos_the_darkroom, kennysheep_slug_shrine, serial_shops,
          shop
D:6:      layout_loops_ring, minmay_temple_entry_nine_rooms, grunt_gozag_statues
D:7:      layout_loops_ring, marbit_many_paths, overflow_temple_1_default,
          zin_academy
D:8:      minmay_angry_zag, layout_loops_ring, lemuel_doored_altar,
          enter_ossuary_3
D:9:      layout_cave_pods, overflow_temple_1_default,
          minmay_orc_entry_temple_small, serial_shops, nicolae_shop_stone,
          hive_lemuel
D:10:     layout_basic, erik_lair_orcish_takeover, eino_tiny_chamber,
          minmay_starry_boxes, uniq_nergalle
Temple:   jpeg_temple_island
Lair:1:   layout_concentric_octagons, special_room [special_room_bee],
          minmay_lair_oklob_bushes, lemuel_fruit_fields, grunt_megastairs_4
Lair:2:   layout_loops_ring, spider_nest_entry_webs,
          infiniplex_staircase_pool_2, serial_bayou_shore_a,
          minmay_lair_oklob_chamber, uniq_fannar
Lair:3:   layout_gridlike, minmay_shoals_entry_beasts, serial_bayou_shore_b,
          grunt_megastairs_2
Lair:4:   layout_hall_layers
Lair:5:   layout_regular_city, minmay_slime_entry_pillars,
          minmay_lair_drake_nest, uniq_nessos
Orc:1:    layout_caves, uniq_erica

Skill      XL: |  1  2  3  4  5  6  7  8  9 10 11 12 |
---------------+-------------------------------------+-----
Fighting       | 3 4 5 6 7 |  7.8
Spellcasting   | 1 2 3 4 5 7 |  7.6
Armour         | 1 2 3 4 5 6 7 |  7.3
Dodging        | 3 4 5 6 7 8 9 |  9.1
Short Blades   | 3 4 5 6 7 |  7.1
Long Blades    | 1 2 3 4 5 6 |  6.1
Throwing       | 1 2 4 5 |  5.2
Stealth        | 9 11 12 | 12.4
Necromancy     | 2 |  2.7
Hexes          | 1 3 |  3.9
Fire Magic     | |  0.3
Ice Magic      | |  0.2
Evocations     | |  0.6

Action                   |  1- 3 |  4- 6 |  7- 9 | 10-12 || total
-------------------------+-------+-------+-------+-------++-------
Melee: Short sword       |    82 |   202 |   357 |   197 ||   838
       Bite              |     5 |    28 |    86 |    71 ||   190
       Falchion          |       |    47 |   294 |   106 ||   447
       Dagger            |       |       |     1 |     9 ||    10
       Great sword       |       |       |       |   191 ||   191
Throw: Boomerang         |       |    19 |    31 |    16 ||    66
       Dart              |       |       |    35 |    20 ||    55
       Javelin           |       |       |       |     2 ||     2
 Cast: Animate Skeleton  |       |       |       |    31 ||    31
       Inner Flame       |       |       |       |     2 ||     2
       Ensorcelled Hiber |       |       |       |    10 ||    10
       Vampiric Draining |       |       |       |     3 ||     3
Invok: Shadow Step       |       |       |       |     4 ||     4
 Abil: Exsanguinate      |     1 |       |       |       ||     1
Evoke: Wand              |       |       |    11 |     8 ||    19
  Use: Scroll            |     3 |     4 |     6 |    16 ||    29
       Potion            |       |     1 |     6 |     1 ||     8
 Stab: Sleeping          |    10 |    17 |    38 |    41 ||   106
Armor: Leather armour    |    17 |    51 |   148 |   147 ||   363
Dodge: Dodged            |    52 |   145 |   490 |   470 ||  1157
       Rpst.: Falchion   |       |     9 |    74 |    35 ||   118
       Great sword       |       |       |       |    55 ||    55

Table legend: (Time is in decaauts)
 A = Elapsed time spent in this place.
 B = Non-inter-level travel time spent in this place.
 C = Inter-level travel time spent in this place.
 D = Time resting spent in this place.
 E = Time spent auto-exploring this place.
 F = Levels seen in this place.
 G = Mean time per level.
                   A        B        C        D        E       F      G
               +--------+--------+--------+--------+--------+-----+--------+
         Total |  21086 |  20035 |   1051 |   6114 |   8187 |  18 | 1171.4 |
       Dungeon |  15282 |  14551 |    731 |   4780 |   5287 |  10 | 1528.2 |
        Temple |     72 |     37 |     35 |      0 |     32 |   1 |   72.0 |
          Lair |   5326 |   5043 |    283 |   1329 |   2819 |   5 | 1065.2 |
  Orcish Mines |    111 |    110 |      1 |      0 |      0 |   1 |  111.0 |
       Ossuary |    294 |    294 |      0 |      4 |     49 |   1 |  294.0 |
               +--------+--------+--------+--------+--------+-----+--------+

Top non-repeatable levels by time:
     D:6: 2650 daAuts
    D:10: 2636 daAuts
  Lair:3: 1797 daAuts
     D:3: 1786 daAuts
     D:4: 1709 daAuts
     D:8: 1520 daAuts
  Lair:2: 1444 daAuts
     D:9: 1437 daAuts
     D:7: 1355 daAuts
  Lair:1: 1226 daAuts
     D:2: 1146 daAuts
  Lair:4: 853 daAuts
     D:1: 521 daAuts
     D:5: 518 daAuts
 Ossuary: 294 daAuts
